 Dungeon Crawl Stone Soup version 0.30.1-3-gfc49f6343a (webtiles) character file.

Game seed: 10797968474091528512

5485 Wiggles the Cleaver (level 10, 0/135 HPs)
             Began as a Minotaur Berserker on July 20, 2023.
             Was an Elder of Trog.
             Succumbed to a gnoll sergeant's poison
             ... on level 8 of the Dungeon.
             The game lasted 00:13:32 (7580 turns).

Wiggles the Cleaver (Minotaur Berserker)            Turns: 7580, Time: 00:13:33

Health: 0/135      AC: 16    Str: 33    XL:     10   Next: 42%
Magic:  1/9        EV: 11    Int:  4    God:    Trog [****..]
Gold:   315        SH:  0    Dex:  9    Spells: 9/9 levels left

rFire   . . .        w - +6 battleaxe (freeze)
rCold   . . .        (shield currently unavailable)
rNeg    . . .        c - +0 chain mail
rPois   .            s - +2 hat
rElec   .            (no cloak)
rCorr   .            y - +2 pair of gloves
SInv    .            (no boots)
Will    .....        l - amulet of faith Stlth
                     v - +6 ring of strength
HPRegen 0.42/turn    (no ring)
MPRegen 0.11/turn

%: faith
@: berserking (expiring), lethally poisoned (0 -> -13), very quick
A: horns 2, retaliatory headbutt
a: Renounce Religion, Berserk, Trog's Hand, Brothers in Arms


You were on level 8 of the Dungeon.
You worshipped Trog.
Trog was greatly pleased with you.
You visited 1 branch of the dungeon, and saw 8 of its levels.

You collected 416 gold pieces.
You spent 101 gold pieces at shops.

Inventory:

Hand Weapons
 w - a +6 battleaxe of freezing (weapon)
Missiles
 f - 2 throwing nets (quivered)
Armour
 c - a +0 chain mail (worn)
 s - a +2 hat (worn)
 y - a +2 pair of gloves (worn)
Jewellery
 i - a ring of magical power
 l - an amulet of faith (around neck)
 v - a +6 ring of strength (left hand)
Scrolls
 a - a scroll of noise {unknown}
 e - a scroll of blinking
 g - 2 scrolls of fear
 n - 6 scrolls of teleportation
 q - a scroll of identify
 r - 2 scrolls of poison
 u - a scroll of magic mapping {unknown}
Potions
 d - 2 potions of magic
 h - 2 potions of flight
 j - a potion of haste
 k - 3 potions of berserk rage
 o - 3 potions of curing
 p - 2 potions of lignification
 t - a potion of heal wounds
 z - a potion of attraction


   Skills:
 + Level 8.7 Fighting
 + Level 13.2 Axes
 + Level 9.3 Armour
 + Level 5.5 Dodging
 + Level 1.9 Stealth


You had 9 spell levels left.
You didn't know any spells.
Your spell library was empty.

Dungeon Overview and Level Annotations

Branches:
Dungeon (8/15)             Temple (0/1) D:7
   Lair: D:8-11

Altars:
Ashenzari
Dithmenos
Fedhas
Qazlal
Ru
Vehumet
Wu Jian
Xom

Shops:
D:2 *   D:4 [

Portals:
Abyss: D:7

Annotations:
D:4 2 transporters, Wentworth's ghost, amateur MiFi
D:7 2 transporters, javelincjr's ghost, novice DsFi
D:8 1 transporter


Innate Abilities, Weirdness & Mutations

You have a pair of horns on your head.
You reflexively headbutt those who attack you in melee.


Message History

You feel a strong urge to attack something.
Your attacks no longer feel as feeble.
The gnoll hits your polar bear with a +1 spear of venom!
Your polar bear looks as sick as possible!
The gnoll sergeant shoots a bolt.
The bolt hits you!
* * * LOW HITPOINT WARNING * * *
Your polar bear closely misses the gnoll.
Your polar bear claws the gnoll. x2
Things that are here:
a +0 club; a wand of charming (4)
You feel sick.
Your polar bear bites the gnoll.
Your polar bear claws the gnoll.
Your polar bear closely misses the gnoll.
You feel your anger nearly subside.
You feel sick.
You are no longer poisoned.
The gnoll throws a throwing net.
The throwing net completely misses you.
The gnoll bouda hits you with a +0 club.
* * * LOW HITPOINT WARNING * * *
Your polar bear bites the gnoll!!
The gnoll dies!
Trog accepts your kill.
Things that are here:
a throwing net; a +0 club; a wand of charming (4)
You slice the gnoll bouda like a ripe choko!!!
You freeze the gnoll bouda.
You feel the power of Trog in you as your rage grows.
You kill the gnoll bouda!
Trog accepts your kill.
You hit the gnoll sergeant. You freeze the gnoll sergeant.
The gnoll hits your polar bear with a +0 halberd!
The gnoll sergeant unwields a +0 arbalest.
The gnoll sergeant wields a +3 spear of venom.
It begins to drip with poison!
The gnoll sergeant hits you with a +3 spear of venom.
* * * LOW HITPOINT WARNING * * *
You are lethally poisoned!
The gnoll hits you but does no damage.
Your polar bear bites the gnoll.
Your polar bear claws the gnoll. x2
You die...

#..≈≈#.8.#.###.©.###.#.8g#≈≈.#.#
#..≈≈#...###.#####©###..g#≈≈.#.#
#..≈≈###..............g###≈≈...##
#..≈≈.8#.######'###'##.#8.≈≈.....
#..≈≈.##.#g..#8..#...#.##.≈≈.....
#..~~.#..'..:#⌠©.g...'..#.~~.....
#..≈≈.##.#..W#8gg#...#.##.≈≈.###.
#..≈≈.8#.######g###g##.#8.≈≈.# ##
#..≈≈###.......(@.h)...###≈≈.#
#..≈≈#...###.#####.###...#≈≈.#
#..≈≈#.8.#.###.©.###.#.8.#≈≈.#
#..≈≈#####...........#####≈≈.# #
#..≈≈≈≈≈≈≈≈≈≈≈...≈≈≈≈≈≈≈≈≈≈≈.# ##
#..≈≈≈≈≈≈≈≈≈≈≈...≈≈≈≈≈≈≈≈≈≈≈.###.
#..........).................#...
#....###########...............##
###### #################


You could see a gnoll sergeant, 2 gnolls and a friendly polar bear (summoned,
berserk, extremely poisoned).

Vanquished Creatures
  A two-headed ogre (D:7)
  The ghost of Fodor the Carver, a novice MiFi of Gozag (D:8)
  6 yaks (D:8)
  2 steam dragons (D:7)
  2 water moccasins
  An ice beast (D:5)
  3 centaurs
  A phantom (D:6)
  3 bullfrogs
  3 scorpions
  A gnoll sergeant (D:7)
  13 wights
  6 killer bees
  4 hounds
  An orc priest (D:6)
  A gnoll bouda (D:8)
  4 jellies
  Jessica (D:3)
  14 orc wizards
  Natasha (thrice) (D:2)
  An iguana (D:7)
  8 gnolls
  6 adders
  3 shadow imps
  A white imp (D:8)
  2 worms (D:2)
  6 dart slugs
  25 orcs
  2 ball pythons
  3 bats
  5 endoplasms
  4 giant cockroaches
  7 goblins
  5 hobgoblins
  6 jackals
  3 quokkas
  A frilled lizard (D:1)
  6 kobolds
  4 rats
169 creatures vanquished.

Vanquished Creatures (collateral kills)
  A gnoll sergeant (D:8)
  4 orc wizards (D:7)
  2 gnolls
  An orc (D:7)
8 creatures vanquished.

Grand Total: 177 creatures vanquished

Notes
Turn   | Place    | Note
-------+----------+-------------------------------------------
     0 | D:1      | Wiggles the Minotaur Berserker began the quest for the Orb.
     0 | D:1      | Reached XP level 1. HP: 19/19 MP: 0/0
    60 | D:1      | Reached XP level 2. HP: 27/27 MP: 1/1
    68 | D:1      | Reached skill level 4 in Axes
   281 | D:1      | Reached XP level 3. HP: 33/33 MP: 2/2
   426 | D:1      | Reached ** piety under Trog
   907 | D:2      | Found Tuahicy's Assorted Antiques.
  1113 | D:2      | Reached XP level 4. HP: 33/41 MP: 3/3
  1114 | D:2      | Reached skill level 5 in Axes
  1201 | D:2      | Bought a war axe for 101 gold pieces
  1269 | D:2      | Found a faded altar of an unknown god.
  1364 | D:2      | Noticed Natasha
  1368 | D:2      | Killed Natasha
  1605 | D:2      | Noticed Natasha
  1613 | D:2      | Killed Natasha
  1901 | D:2      | Noticed Natasha
  1910 | D:2      | Killed Natasha
  1911 | D:2      | Reached XP level 5. HP: 25/47 MP: 4/4
  2084 | D:3      | Noticed Jessica
  2089 | D:3      | Killed Jessica
  2090 | D:3      | Reached skill level 6 in Axes
  2098 | D:3      | Found a stormy altar of Qazlal.
  2101 | D:3      | Noticed a fire elemental
  2101 | D:3      | Noticed a water elemental
  2101 | D:3      | Noticed an air elemental
  2516 | D:3      | Found a sacrificial altar of Ru.
  2519 | D:3      | Found a shimmering altar of Xom.
  2519 | D:3      | Found a broken altar of Ashenzari.
  2521 | D:3      | Found a shadowy altar of Dithmenos.
  2521 | D:3      | Found a radiant altar of Vehumet.
  2621 | D:4      | Noticed Wentworth's ghost (amateur MiFi)
  2625 | D:4      | Noticed a steam dragon
  2628 | D:4      | Found Uniust's Armour Boutique.
  2897 | D:4      | Found a transporter.
  2941 | D:4      | Reached skill level 5 in Fighting
  2941 | D:4      | Reached XP level 6. HP: 56/56 MP: 5/5
  2987 | D:4      | Found a transporter.
  3107 | D:4      | Reached *** piety under Trog
  3297 | D:5      | Entered Level 5 of the Dungeon
  3431 | D:5      | Reached skill level 7 in Axes
  3529 | D:5      | Reached XP level 7. HP: 61/61 MP: 6/6
  3887 | D:5      | Reached skill level 8 in Axes
  3966 | D:5      | Reached skill level 5 in Armour
  3966 | D:5      | Reached skill level 1 in Stealth
  4723 | D:6      | Reached XP level 8. HP: 64/70 MP: 7/7
  4798 | D:6      | Reached **** piety under Trog
  4799 | D:6      | Reached skill level 9 in Axes
  5666 | D:7      | Reached skill level 10 in Axes
  5670 | D:7      | Found a one-way gate to the infinite horrors of the Abyss.
  5670 | D:7      | Noticed javelincjr's ghost (novice DsFi)
  5747 | D:7      | Noticed a two-headed ogre
  5766 | D:7      | Killed a two-headed ogre
  5767 | D:7      | Reached skill level 11 in Axes
  5767 | D:7      | Reached XP level 9. HP: 36/79 MP: 8/8
  5957 | D:7      | Found an ornate altar of the Wu Jian Council.
  5993 | D:7      | HP: 3/77 [wight/+0 falchion (2)]
  6344 | D:7      | Found a transporter.
  6349 | D:7      | Found a transporter.
  6517 | D:7      | Identified the +1 scale mail of the Blue Moon {Dex+2}
  6621 | D:7      | Found a staircase to the Ecumenical Temple.
  6763 | D:8      | Reached skill level 12 in Axes
  6763 | D:8      | Reached skill level 5 in Dodging
  6851 | D:8      | Found a blossoming altar of Fedhas.
  6901 | D:8      | Reached XP level 10. HP: 82/88 MP: 9/9
  7011 | D:8      | Found a transporter.
  7093 | D:8      | Found a transporter.
  7105 | D:8      | Noticed Fodor's ghost (novice MiFi)
  7501 | D:8      | Identified the ring of Pentac {rF+ Int+5}
  7574 | D:8      | Killed Fodor's ghost
  7575 | D:8      | Reached skill level 13 in Axes
  7579 | D:8      | HP: 3/135 [gnoll sergeant/+3 spear of venom (6)]
  7580 | D:8      | Succumbed to a gnoll sergeant's poison

Illustrated notes

Levels and vault maps discovered:
D:1:      co_arrival_random_square_maze, layout_loops_ring,
          minmay_indecisive_spiral
D:2:      layout_loops_ring, hellmonk_ecumenical_altar_arch_garden,
          serial_shops, nicolae_shop_overgrown_old_shop, uniq_natasha
D:3:      layout_loops_ring, grunt_temple_overflow_open,
          nicolae_qazlal_style_of_elements, uniq_jessica
D:4:      layout_loops_cross, gammafunk_ghost_arena, serial_shops, shop
D:5:      layout_cave_pods
D:6:      layout_loops_corners
D:7:      layout_basic, nzn_wu_jian_contemplation,
          minmay_temple_entry_offerings, gammafunk_ghost_abyssal_escape
D:8:      layout_loops_ring, fedhas_ov_isle_minmay,
          gammafunk_ghost_gnarly_gnolls

Skill      XL: |  1  2  3  4  5  6  7  8  9 10 |
---------------+-------------------------------+-----
Fighting       | 4 5 7 8 |  8.7
Axes           | 4 5 6 7 8 11 12 13 | 13.2
Armour         | 3 4 5 7 8 9 |  9.3
Dodging        | 3 4 5 |  5.5
Stealth        | 1 |  1.9

Action                     |  1- 3 |  4- 6 |  7- 9 | 10-12 || total
---------------------------+-------+-------+-------+-------++-------
  Melee: Hand axe          |    85 |     6 |       |       ||    91
         Headbutt          |    14 |    10 |    25 |     8 ||    57
         War axe           |       |   103 |   156 |    27 ||   286
         Punch             |       |       |     3 |       ||     3
         Battleaxe         |       |       |       |    14 ||    14
 Invoke: Berserk           |       |     1 |     4 |     2 ||     7
         Brothers in Arms  |       |       |     1 |     1 ||     2
    Use: Scroll            |       |       |    17 |     2 ||    19
         Potion            |       |       |     7 |       ||     7
   Stab: Invisible         |       |       |     1 |       ||     1
 Armour: Animal skin       |     8 |       |       |       ||     8
         Ring mail         |     2 |    15 |       |       ||    17
         Scale mail        |       |    38 |    90 |       ||   128
         Chain mail        |       |       |    15 |    14 ||    29
  Dodge: Dodged            |    49 |    58 |   167 |    18 ||   292
